 Dungeon Crawl Stone Soup version 0.32-a0-876-gcfddb08e57 (webtiles) character file.

Game seed: 14469251288999577081

717 Griffin23 the Slasher (level 7, -2/62 HPs)
             Began as a Minotaur Fighter on Apr 1, 2024.
             Slain by a scorpion (6 damage)
             ... on level 4 of the Dungeon.
             The game lasted 00:03:38 (3056 turns).

Griffin23 the Slasher (Minotaur Fighter)            Turns: 3056, Time: 00:03:39

Health: -2/62      AC:  8    Str: 23    XL:     7   Next: 42%
Magic:  0/6        EV:  8    Int:  5    God:
Gold:   135        SH:  4    Dex:  9    Spells: 6/6 levels left

rFire   + . .        a - +0 long sword
rCold   x . .        c - +0 buckler
rNeg    . . .        b - +1 scale mail
rPois   .            (helmet restricted)
rElec   .            (no cloak)
rCorr   .            (no gloves)
SInv    .            (no boots)
Will    .....        s - amulet of guardian spirit Stlth
                     r - ring of fire
HPRegen 0.30/turn    (no ring)
MPRegen 0.10/turn

%: guardian spirit
@: lethally poisoned (-2 -> -7)
A: horns 2, retaliatory headbutt
a: no special abilities


You were on level 4 of the Dungeon.
You visited 1 branch of the dungeon, and saw 4 of its levels.

You collected 135 gold pieces.

Inventory:

Hand Weapons
 a - a +0 long sword (weapon)
Armour
 b - a +1 scale mail (worn)
 c - a +0 buckler (worn)
Jewellery
 r - a ring of fire (left hand)
 s - an amulet of guardian spirit (around neck)
Wands
 n - a wand of quicksilver (4)
Scrolls
 e - a scroll of torment {unknown}
 f - a scroll of fog {unknown}
 h - a scroll of noise
 i - 9 scrolls of identify {unknown}
 j - a scroll of enchant armour
 k - a scroll of brand weapon {unknown}
 l - 2 scrolls of teleportation {unknown}
 p - a scroll of poison {unknown}
 t - a scroll of amnesia {unknown}
Potions
 d - a potion of might
 g - a potion of attraction {unknown}
 m - a potion of lignification {unknown}
 o - a potion of mutation {unknown}
 q - a potion of curing {unknown}


   Skills:
 + Level 5.7 Fighting
 * Level 6.5 Long Blades
 + Level 5.7 Armour
 + Level 5.7 Shields


You had 6 spell levels left.
You didn't know any spells.
Your spell library contained the following spells:

 Spells                   Type           Power      Damage    Failure   Level
 Inner Flame              Hex/Fire       0%         N/A       99%         3
 Flame Wave               Conj/Fire      0%         2d4       100%        4
 Sticky Flame             Fire/Alch      0%         2d4       100%        4


Dungeon Overview and Level Annotations

Branches:
Dungeon (4/15)
 Temple: D:4-7

Altars:


Innate Abilities, Weirdness & Mutations

You have a pair of horns on your head.
You reflexively headbutt those who attack you in melee.


Message History

The scorpion stings you but does no damage.
The giant cockroach bites you but does no damage.
The gnoll hits you from afar with a +1 halberd of distortion.
The gnoll barely misses you.
You hit the scorpion but do no damage. The scorpion closely misses you.
You furiously retaliate!
You headbutt the scorpion!
The giant cockroach bites you but does no damage.
The gnoll hits you from afar with a +1 halberd of distortion.
Space warps around you. You block the gnoll's attack.
The gnoll hits you with a +0 whip.
The giant cockroach bites you but does no damage.
The scorpion stings you.
You are poisoned.
The scorpion poisons you!
Unknown command.
Okay, then.
As you read the scroll labelled NAJULEKHLEV, it crumbles to dust.
It is a scroll of enchant armour.
Your +0 scale mail glows green for a moment.
You feel very sick. The gnoll closely misses you. The gnoll barely misses you.
You furiously retaliate!
You headbutt the gnoll! The gnoll hits you with a +0 whip.
* * * LOW HITPOINT WARNING * * *
You block the giant cockroach's attack. The scorpion completely misses you.
As you read the scroll labelled BAF BI RINE, it crumbles to dust.
You hear a loud clanging noise!
It was a scroll of noise.
You feel sick.
You hear a shout!
The gnoll hits you from afar with a +1 halberd of distortion.
* * * LOW HITPOINT WARNING * * *
Space warps around you.
* * * LOW HITPOINT WARNING * * *
The gnoll hits you with a +0 club.
* * * LOW HITPOINT WARNING * * *
The gnoll closely misses you. You furiously retaliate!
You headbutt the gnoll! The giant cockroach barely misses you.
You furiously retaliate!
You headbutt the giant cockroach, but do no damage.
The scorpion stings you.
You die...

....# .##.# ....#####
#### .##.....# #..
.#....#.### #.########
.#..#.#...###.)......###
....#........#.g........
###.#........#.Bg.......
..#.##.........g@.......
.............#.s####....
#...######..##.## .
##### #..#..# .# ##.#...
.### #.## ...# ##.# #.#
###


You could see a scorpion, 3 gnolls and a giant cockroach.

Vanquished Creatures
  Grinder (D:3)
  Sigmund (D:3)
  A scorpion (D:3)
  2 orc priests (D:3)
  Jessica (D:3)
  An iguana (D:4)
  Robin (D:2)
  2 gnolls
  6 adders
  2 dart slugs (D:3)
  3 ribbon worms
  3 orcs (D:3)
  6 ball pythons
  10 endoplasms
  5 giant cockroaches
  11 goblins
  12 hobgoblins
  7 jackals (D:3)
  2 quokkas (D:2)
  6 bats
  2 frilled lizards
  9 kobolds
  4 rats
98 creatures vanquished.

Notes
Turn   | Place    | Note
-------+----------+-------------------------------------------
     0 | D:1      | Griffin23 the Minotaur Fighter began the quest for the Orb.
     0 | D:1      | Reached XP level 1. HP: 19/19 MP: 0/0
     2 | D:1      | Noticed a formicid
     2 | D:1      | Noticed a vampire
     4 | D:1      | Noticed a gargoyle
     6 | D:1      | Noticed a demonspawn
     6 | D:1      | Noticed a djinni
     8 | D:1      | Noticed a naga
     8 | D:1      | Noticed an elf
    10 | D:1      | Noticed a demigod
    10 | D:1      | Noticed a vine stalker
    12 | D:1      | Noticed an oni
    12 | D:1      | Noticed an octopode
    14 | D:1      | Noticed an armataur
    14 | D:1      | Noticed a spriggan
    16 | D:1      | Noticed a tengu
    16 | D:1      | Noticed a felid
    18 | D:1      | Noticed a troll
    20 | D:1      | Noticed a barachi
    20 | D:1      | Noticed a draconian
    22 | D:1      | Noticed a merfolk
    24 | D:1      | Noticed a human
    24 | D:1      | Noticed a minotaur
    26 | D:1      | Noticed a dwarf
    26 | D:1      | Noticed a ghoul
   162 | D:1      | Reached XP level 2. HP: 27/27 MP: 1/1
   516 | D:1      | Reached skill level 3 in Long Blades
   516 | D:1      | Reached XP level 3. HP: 24/33 MP: 2/2
  1057 | D:2      | Noticed Robin
  1073 | D:2      | Killed Robin
  1086 | D:2      | Reached XP level 4. HP: 31/40 MP: 3/3
  1211 | D:2      | You fall into a shaft and drop 1 floor!
  1676 | D:2      | Reached skill level 4 in Long Blades
  1830 | D:3      | Reached XP level 5. HP: 40/47 MP: 4/4
  1952 | D:3      | Noticed Jessica
  1959 | D:3      | Killed Jessica
  2129 | D:3      | Noticed Sigmund
  2151 | D:3      | Killed Sigmund
  2152 | D:3      | Reached skill level 5 in Fighting
  2152 | D:3      | Reached skill level 5 in Long Blades
  2152 | D:3      | Reached skill level 5 in Armour
  2152 | D:3      | Reached skill level 5 in Shields
  2152 | D:3      | Reached XP level 6. HP: 16/56 MP: 1/5
  2444 | D:3      | Noticed Grinder
  2462 | D:3      | Paralysed by Grinder for 2 turns
  2464 | D:3      | Killed Grinder
  2465 | D:3      | Reached skill level 6 in Long Blades
  2465 | D:3      | Reached XP level 7. HP: 12/61 MP: 6/6
  3056 | D:4      | Slain by a scorpion

Illustrated notes

Levels and vault maps discovered:
D:1:      kb_arrival_jail, layout_basic
D:2:      layout_basic, minivault_27, uniq_robin
D:3:      layout_basic, uniq_grinder, uniq_jessica, uniq_sigmund
D:4:      layout_basic, mainiacjoe_overflow_boulevard, minmay_close_crescents,
          uniq_crazy_yiuf_cottage

Skill      XL: |  1  2  3  4  5  6 |
---------------+-------------------+-----
Fighting       | 4 5 |  5.7
Long Blades    | 3 4 5 6 |  6.5
Armour         | 4 5 |  5.7
Shields        | 4 5 |  5.7

Action                     |  1- 3 |  4- 6 |  7- 9 || total
---------------------------+-------+-------+-------++-------
  Melee: Long sword        |    83 |   125 |    34 ||   242
         Headbutt          |    18 |    21 |     5 ||    44
  Evoke: Wand              |       |     1 |       ||     1
    Use: Potion            |       |     1 |       ||     1
         Scroll            |       |       |     2 ||     2
 Armour: Scale mail        |    81 |    96 |    28 ||   205
  Dodge: Dodged            |    34 |    59 |    23 ||   116
  Block: Buckler           |    23 |    30 |     6 ||    59

Table legend: (Time is in decaauts)
 A = Elapsed time spent in this place.
 B = Non-inter-level travel time spent in this place.
 C = Inter-level travel time spent in this place.
 D = Time resting spent in this place.
 E = Time spent auto-exploring this place.
 F = Levels seen in this place.
 G = Mean time per level.
                   A        B        C        D        E       F      G
               +--------+--------+--------+--------+--------+-----+--------+
         Total |   3107 |   2994 |    113 |      0 |   2395 |   4 |  776.8 |
       Dungeon |   3107 |   2994 |    113 |      0 |   2395 |   4 |  776.8 |
               +--------+--------+--------+--------+--------+-----+--------+

Top non-repeatable levels by time:
     D:3: 1127 daAuts
     D:2: 922 daAuts
     D:1: 853 daAuts
     D:4: 204 daAuts
